 Dungeon Crawl Stone Soup version 0.29-a0-284-gf9362112df (webtiles) character file.

Game seed: 14744485000299798442

885 Demosthentine the Ruffian (level 7, -4/106 HPs)
             Began as a Troll Berserker on Mar 21, 2022.
             Was an Elder of Trog.
             Slain by a gnoll
             ... wielding a +0 halberd
              (7 damage)
             ... on level 5 of the Dungeon.
             The game lasted 00:03:53 (3340 turns).

Demosthentine the Ruffian (Troll Berserker)         Turns: 3340, Time: 00:03:53

Health: -4/106     AC:  6    Str: 26    XL:     7   Next: 76%
Magic:  6/6        EV: 11    Int:  3    God:    Trog [****..]
Gold:   227        SH:  0    Dex: 11    Spells: 6/6 levels left

rFire   + . .      SeeInvis +     - Unarmed
rCold   . . .      Faith    .   (no shield)
rNeg    . . .      Spirit   .   a - +0 animal skin
rPois   .          Reflect  .   (helmet restricted)
rElec   .          Harm     .   k - +1 cloak
rCorr   .          Rampage  .   (gloves unavailable)
Will    .....                   (boots unavailable)
Stlth   ..........              c - amulet of regeneration
HPRegen 1.87/turn               h - ring of protection from fire
MPRegen 0.10/turn               m - ring of see invisible

@: berserking, very quick
A: large, unfitting armour, claws 3, regeneration 1, shaggy fur 1, tough skin 1
a: Renounce Religion, Berserk, Trog's Hand, Brothers in Arms


You were on level 5 of the Dungeon.
You worshipped Trog.
Trog was greatly pleased with you.
You visited 1 branch of the dungeon, and saw 5 of its levels.

You collected 227 gold pieces.

Inventory:

Armour
 a - a +0 animal skin (worn)
 k - a +1 cloak (worn)
Jewellery
 c - an amulet of regeneration (around neck)
 h - a ring of protection from fire (left claw)
 l - a +4 ring of protection
 m - a ring of see invisible (right claw)
Scrolls
 e - a scroll of enchant armour
 i - a scroll of identify
 o - a scroll of magic mapping
Potions
 b - 2 potions of heal wounds
 d - 2 potions of curing
 f - 3 potions of flight
 g - a potion of mutation
 j - a potion of haste {unknown}


   Skills:
 + Level 4.9 Fighting
 + Level 4.8 Dodging
 + Level 5.9 Unarmed Combat


You had 6 spell levels left.
You didn't know any spells.
Your spell library was empty.

Dungeon Overview and Level Annotations

Branches:
Dungeon (5/15)             Temple (0/1) D:4

Altars:
Xom

Shops:
D:3 (

Annotations:
D:5 1 runed translucent door, Menkaure; horus123's ghost, amateur DENe


Innate Abilities, Weirdness & Mutations

You are too large for most types of armour.
You have claws for hands.
Your natural rate of healing is unusually fast.
You are covered in fur. (AC +1)
You have tough skin. (AC +1)


Message History

You scratch the gnoll shaman but do no damage.
The gnoll hits you with a +0 whip.
Unknown command.
You barely miss the gnoll. The gnoll hits you with a +0 whip.
The gnoll misses you.
The gnoll shaman hits you with a +0 club.
Menkaure, Prince of Dust comes into view.
Unknown command.
You barely miss the gnoll shaman.
Menkaure shouts!
The gnoll barely misses you.
The gnoll hits you from afar with a +0 halberd!
The gnoll shaman calls upon its god to speed up the gnoll.
The gnoll seems to speed up.
The gnoll barely misses you.
Unknown command.
A red film seems to cover your vision as you go berserk!
You feel yourself moving faster!
You feel mighty!
The gnoll hits you from afar with a +0 halberd.
The gnoll hits you with a +0 whip.
* * * LOW HITPOINT WARNING * * *
The gnoll shaman hits you with a +0 club.
* * * LOW HITPOINT WARNING * * *
The gnoll hits you from afar with a +0 halberd.
* * * LOW HITPOINT WARNING * * *
You barely miss the gnoll shaman. The gnoll barely misses you.
The gnoll shaman hits you with a +0 club.
* * * LOW HITPOINT WARNING * * *
Menkaure calls on the powers of darkness!
The gnoll convulses!
The gnoll shaman convulses!
Your body is wracked with pain!
* * * LOW HITPOINT WARNING * * *
The gnoll hits you from afar with a +0 halberd!
* * * LOW HITPOINT WARNING * * *
You mangle the gnoll shaman!!
You kill the gnoll shaman!
Trog accepts your kill. The gnoll hits you with a +0 whip.
* * * LOW HITPOINT WARNING * * *
The gnoll hits you from afar with a +0 halberd!
You die...

. #### #M
#################..## ..
...#.........#.##...
###.##..........##......
......#.....#...######..
....(g)g........# ###
#@........#
#.........########
.#...........>#....
....................
#...................
####.#.###.#.#......
........#.#...#....
........#.....#....
.......†...........


You could see Menkaure and 2 gnolls.

Vanquished Creatures
  Sigmund (D:4)
  A water moccasin (D:4)
  A phantom (D:5)
  A necrophage (D:4)
  2 jellies (D:2)
  Crazy Yiuf (D:3)
  2 hounds
  Jessica (D:3)
  A gnoll shaman (D:5)
  Natasha (thrice) (D:3)
  An orc wizard (D:5)
  7 gnolls
  3 adders
  4 worms
  A dart slug (D:4)
  12 orcs
  5 ball pythons
  7 bats
  12 endoplasms
  2 giant cockroaches
  5 goblins
  5 hobgoblins
  5 jackals (D:4)
  5 quokkas
  A frilled lizard (D:2)
  14 kobolds
  4 rats
107 creatures vanquished.

Vanquished Creatures (others)
  3 fungi (D:2)
  6 toadstools (D:2)
9 creatures vanquished.

Grand Total: 116 creatures vanquished

Notes
Turn   | Place    | Note
-------+----------+-------------------------------------------
     0 | D:1      | Demosthentine the Troll Berserker began the quest for the
                  | Orb.
     0 | D:1      | Reached XP level 1. HP: 22/22 MP: 0/0
   205 | D:1      | Reached XP level 2. HP: 26/29 MP: 1/1
   222 | D:1      | Found a faded altar of an unknown god.
   938 | D:2      | Found a shimmering altar of Xom.
   951 | D:2      | Reached ** piety under Trog
   960 | D:2      | Reached XP level 3. HP: 36/36 MP: 2/2
  1002 | D:2      | Reached XP level 4. HP: 33/45 MP: 3/3
  1229 | D:2      | Reached skill level 4 in Unarmed Combat
  1485 | D:3      | You fall into a shaft and drop 2 floors!
  1485 | D:5      | Entered Level 5 of the Dungeon
  1523 | D:5      | Reached XP level 5. HP: 40/53 MP: 4/4
  1614 | D:4      | Reached XP level 6. HP: 58/62 MP: 5/5
  1680 | D:4      | Reached *** piety under Trog
  1836 | D:3      | Noticed Natasha
  1844 | D:3      | Killed Natasha
  1855 | D:3      | Noticed Natasha
  1858 | D:3      | Killed Natasha
  1885 | D:3      | Found a runed translucent door.
  1886 | D:3      | Noticed Crazy Yiuf
  1948 | D:3      | Found Aqaikocs's Weapon Emporium.
  1991 | D:3      | Noticed Jessica
  1991 | D:3      | Noticed Natasha
  2004 | D:3      | Killed Jessica
  2015 | D:3      | Killed Natasha
  2016 | D:3      | Reached skill level 5 in Unarmed Combat
  2556 | D:3      | Killed Crazy Yiuf
  2604 | D:4      | Found a staircase to the Ecumenical Temple.
  2621 | D:4      | Noticed Sigmund
  2631 | D:4      | Killed Sigmund
  2632 | D:4      | Reached XP level 7. HP: 71/71 MP: 6/6
  2930 | D:4      | Reached **** piety under Trog
  3229 | D:5      | Found a runed translucent door.
  3258 | D:5      | Noticed horus123's ghost (amateur DENe)
  3336 | D:5      | Noticed Menkaure
  3339 | D:5      | HP: 3/106 [gnoll/+0 halberd (10)]
  3340 | D:5      | Slain by a gnoll

Illustrated notes

Levels and vault maps discovered:
D:1:      mrwooster_arrival_statue, layout_basic,
          hellmonk_ecumenical_altar_crossroads
D:2:      cheibrodos_fertilizer, layout_basic, basic_altar
D:3:      layout_basic, serial_shops, shop, kennysheep_generic_room_15,
          uniq_natasha, uniq_crazy_yiuf_cottage, uniq_jessica
D:4:      layout_loops_ring, temple_green, minmay_misc_feat_roman, uniq_sigmund
D:5:      layout_rooms, serial_curves, eino_curves_01, eino_curves_03,
          ebering_ghost_reflecting_pool, uniq_edmund, uniq_menkaure

Skill      XL: |  1  2  3  4  5  6 |
---------------+-------------------+-----
Fighting       | 3 4 |  4.9
Dodging        | 3 4 |  4.8
Unarmed Combat | 4 5 |  5.9

Action                   |  1- 3 |  4- 6 |  7- 9 || total
-------------------------+-------+-------+-------++-------
Melee: Unarmed           |    84 |   153 |    65 ||   302
       Punch             |     2 |     2 |     3 ||     7
Invok: Berserk           |       |       |     1 ||     1
  Use: Scroll            |     2 |     6 |     2 ||    10
       Potion            |       |       |     3 ||     3
 Stab: Sleeping          |       |     1 |       ||     1
Armor: Animal skin       |    53 |    35 |    23 ||   111
Dodge: Dodged            |    57 |    50 |    38 ||   145

Table legend: (Time is in decaauts)
 A = Elapsed time spent in this place.
 B = Non-inter-level travel time spent in this place.
 C = Inter-level travel time spent in this place.
 D = Time resting spent in this place.
 E = Time spent auto-exploring this place.
 F = Levels seen in this place.
 G = Mean time per level.
                   A        B        C        D        E       F      G
               +--------+--------+--------+--------+--------+-----+--------+
         Total |   3324 |   3238 |     86 |     16 |   2499 |   5 |  664.8 |
       Dungeon |   3324 |   3238 |     86 |     16 |   2499 |   5 |  664.8 |
               +--------+--------+--------+--------+--------+-----+--------+

Top non-repeatable levels by time:
     D:3: 1091 daAuts
     D:1: 792 daAuts
     D:4: 728 daAuts
     D:2: 492 daAuts
     D:5: 220 daAuts
